 Dungeon Crawl Stone Soup version 0.28-a0-1312-g71652a0310 (webtiles) character file.

Game seed: 7631902244875218797

27 gimp the Gusty (level 2, -4/30 HPs)
             Began as a Demigod Wanderer on Dec 27, 2021.
             Slain by a gnoll (8 damage)
             ... on level 1 of the Dungeon.
             The game lasted 00:05:20 (1825 turns).

gimp the Gusty (Demigod Wanderer)                   Turns: 1825, Time: 00:05:20

Health: -4/30      AC:  3    Str: 14    XL:     2   Next: 72%
Magic:  6/7        EV: 11    Int: 14    God:
Gold:   48         SH:  0    Dex: 12    Spells: 4/5 levels left

rFire   . . .      SeeInvis .   a - +1 short sword (venom)
rCold   . . .      Faith    .   (no shield)
rNeg    . . .      Spirit   .   b - +0 robe
rPois   .          Reflect  .   (no helmet)
rElec   .          Harm     .   l - +0 cloak
rCorr   .          Rampage  .   (no gloves)
Will    .....                   (no boots)
Stlth   ..........              (no amulet)
HPRegen 0.10/turn               (no ring)
MPRegen 0.10/turn               (no ring)

@: berserking, very quick
A: high mp 1, forlorn, divine attributes
a: no special abilities


You were on level 1 of the Dungeon.
You visited 1 branch of the dungeon, and saw 2 of its levels.

You collected 48 gold pieces.

Inventory:

Hand Weapons
 a - a +1 short sword of venom (weapon)
 e - a +0 club
Armour
 b - a +0 robe (worn)
 l - a +0 cloak (worn)
Wands
 c - a wand of polymorph (7) (quivered)
Scrolls
 d - a scroll of acquirement {unknown}
 g - 2 scrolls of identify {unknown}
 h - a scroll of teleportation {unknown}
 j - a scroll of brand weapon {unknown}
Potions
 i - a potion of invisibility {unknown}
 k - a potion of magic {unknown}


   Skills:
 - Level 1.0 Stealth
 * Level 2.1 Spellcasting
 - Level 1.7 Hexes
 + Level 3.9 Air Magic
 - Level 1.7 Evocations


You had 4 spell levels left.
You knew the following spells:

 Your Spells              Type           Power      Damage    Failure   Level
a - Shock                 Conj/Air       28%        1d4       11%         1

Your spell library contained the following spells:

 Spells                   Type           Power      Damage    Failure   Level
 Slow                     Hex            24%        N/A       12%         1
 Corpse Rot               Necr/Air       14%        N/A       16%         2
 Poisonous Vapours        Pois/Air       14%        N/A       16%         2
 Dazzling Flash           Conj/Hex       6%         N/A       43%         3
 Portal Projectile        Hex/Tloc       6%         N/A       43%         3
 Call Canine Familiar     Summ           1%         N/A       56%         3
 Leda's Liquefaction      Hex/Erth       1%         N/A       85%         4


Dungeon Overview and Level Annotations

Branches:
Dungeon (2/15)

Shops:
D:1 (


Innate Abilities, Weirdness & Mutations

You have an increased reservoir of magic. (+10% MP)
You shall have no god before yourself.
Your divine heritage dramatically boosts your attributes as you level up.


Message History

Casting: Shock (safe; 11% risk of failure)
Confirm with . or Enter, or press ? or * to list all spells.
Okay, then.
The bat closely misses you. The bat hits you.
* * * LOW HITPOINT WARNING * * *
You take 1 damage, and have 3/20 hp.
MP restored: 7 The bat hits you but does no damage.
The bat hits you but does no damage. The bat barely misses you.
The bat hits you.
* * * LOW HITPOINT WARNING * * *
There is an open door here.
You take 1 damage, and have 2/20 hp.
The bat misses you.
Casting: Shock (safe; 11% risk of failure)
Confirm with . or Enter, or press ? or * to list all spells.
Aiming: Shock (safe; 11% risk of failure)
Press: ? - help, Shift-Dir - straight line, f - gnoll
Aim: a gnoll, wielding a +0 whip (69% to hit)
The zap hits the bat.
You kill the bat!
The zap hits the gnoll.
The gnoll is lightly wounded.
You now have 6/7 mp.
Aiming: Polymorph
Press: ? - help, Shift-Dir - straight line, f - gnoll, p - gnoll
Aim: a gnoll, wielding a +0 flail (fast, will become a frilled lizard, an endoplasm, or a kobold, chance to affect: 62%)
Okay, then.
Okay, then.
Aiming: Polymorph
Press: ? - help, Shift-Dir - straight line, f - gnoll, p - gnoll
Aim: a gnoll, wielding a +0 flail (fast, will become a frilled lizard, an endoplasm, or a kobold, chance to affect: 62%)
Okay, then.
Unknown command.
It was a potion of berserk rage.
A red film seems to cover your vision as you go berserk!
You feel yourself moving faster!
You feel mighty! The gnoll hits you with a +0 flail!
You die...

.....#####.##.## #.# ...#.#
#.##.# #.##### #.##.#####.##.#
##.....#### #.##.......##'##
#.........# #.##########..)##
#.####.##.# #.### ##.....## #.##
#.##.# #.#.## ##....g..##
#..###.##.#
#....####.........####...#.#.#.##
#.......'......g@.'..............
#.....###.........####...#.######
###...# ##......>## ##.##.# #.###
##.....## ####.# #.# ##...## #.#
#.# ##+## #.# #.# #.# #.# #g# #.#
#.# #.# #######.## #.#


You could see 2 gnolls.

Vanquished Creatures
  3 endoplasms (D:1)
  A giant cockroach (D:1)
  4 goblins (D:1)
  6 hobgoblins (D:1)
  A quokka (D:1)
  2 ball pythons
  3 bats (D:1)
  A frilled lizard (D:2)
  2 kobolds (D:1)
  A rat (D:1)
24 creatures vanquished.

Notes
Turn   | Place    | Note
-------+----------+-------------------------------------------
     0 | D:1      | gimp the Demigod Wanderer began the quest for the Orb.
     0 | D:1      | gimp set off with the following items: a +0 club, a +0
                  | robe, a wand of polymorph (7); and the following spells
                  | available to memorise: Shock, Slow, Corpse Rot, Poisonous
                  | Vapours, Dazzling Flash
     0 | D:1      | Reached XP level 1. HP: 14/14 MP: 4/4
     2 | D:1      | Learned a level 1 spell: Shock
   621 | D:1      | Found Sadaeg's Antique Weapon Shop.
   635 | D:1      | Reached XP level 2. HP: 20/20 MP: 3/6
   878 | D:1      | You fall into a shaft and drop 1 floor!
  1825 | D:1      | Slain by a gnoll

Illustrated notes

Levels and vault maps discovered:
D:1:      minmay_arrival_plants_in_alcoves, layout_loops_corners, serial_shops,
          shop, nicolae_figureground_sparkle
D:2:      layout_rooms, serial_shops, nicolae_shop_hallway_plus,
          serial_aquarium, aquarium_bridge_square [aquarium_subvault_window,
          aquarium_subvault_window, aquarium_subvault_bridge,
          aquarium_subvault_bridge], aquarium_window_2, aquarium_window_1,
          aquarium_window_1, aquarium_window_2, aquarium_view_2a,
          aquarium_view_2c, aquarium_balcony_3b

Skill      XL: |  1  2 |
---------------+-------+-----
Spellcasting   | 2 |  2.1
Stealth        | |  1.0
Hexes          | |  1.7
Air Magic      | |  3.9
Evocations     | |  1.7

Action                   || total
-------------------------++-------
Melee: Short sword       ||     5
 Cast: Shock             ||    50
  Use: Potion            ||     1
Armor: Robe              ||     9
Dodge: Dodged            ||    21

Table legend: (Time is in decaauts)
 A = Elapsed time spent in this place.
 B = Non-inter-level travel time spent in this place.
 C = Inter-level travel time spent in this place.
 D = Time resting spent in this place.
 E = Time spent auto-exploring this place.
 F = Levels seen in this place.
 G = Mean time per level.
                   A        B        C        D        E       F      G
               +--------+--------+--------+--------+--------+-----+--------+
         Total |   1826 |   1814 |     12 |     50 |   1552 |   2 |  913.0 |
       Dungeon |   1826 |   1814 |     12 |     50 |   1552 |   2 |  913.0 |
               +--------+--------+--------+--------+--------+-----+--------+

Top non-repeatable levels by time:
     D:1: 1733 daAuts
     D:2: 93 daAuts
